[Event "Titled Tuesday Blitz May 10 Early 2022"]
[White "Vasquez Schroeder, Rodrigo"]
[Black "Stepanencu, Nicodim-Cosmin"]
[WhiteFideId "3400042"]
[BlackFideId "1256220"]
[WhiteElo "2567"]
[BlackElo "1945"]
[Result "1-0"]
[Round "02"]
[TimeControl "180+1"]
[Date "2022.05.11"]
[WhiteClock "0:01:19"]
[BlackClock "0:00:01"]

1. e4 d6 2. d4 Nf6 3. Nc3 g6 4. Nf3 Bg7 5. h3 a6 6. a4 Nc6 7. Be3 O-O 8. Be2 e5 9. dxe5 dxe5 10. O-O h6 11. Qc1 Kh7 12. Rd1 Qe7 13. Bc4 Nb4 14. Qd2 Bd7 15. Qe2 Bc6 16. Bc1 Rfd8 17. Rxd8 Rxd8 18. Bb3 Nd7 19. Be3 Nc5 20. Bxc5 Qxc5 21. Bxf7 Rf8 22. Bb3 Bd7 23. Rd1 Bc8 24. Nd5 Nxd5 25. Rxd5 Qe7 26. Rd3 Bd7 27. Qe3 Rf4 28. g3 Rf6 29. Kg2 Qe8 30. a5 Qc8 31. h4 Bh3+ 32. Kg1 Qe8 33. Qc5 Bg4 34. Nxe5 Bf8 35. Qxc7+ 1-0


[Site "https://www.chess.com"]

[Event "Titled Tuesday Blitz May 10 Early 2022"]
[White "Vidonyak, Roman"]
[Black "Ambartsumova, Karina"]
[WhiteFideId "14100622"]
[BlackFideId "4166299"]
[WhiteElo "2393"]
[BlackElo "2262"]
[Result "0-1"]
[Round "02"]
[TimeControl "180+1"]
[Date "2022.05.11"]
[WhiteClock "0:01:33"]
[BlackClock "0:01:29"]

1. d4 Nf6 2. c4 e6 3. Nc3 d5 4. cxd5 exd5 5. Bg5 Be7 6. e3 c6 7. Bd3 Nbd7 8. Qc2 h6 9. Bh4 Nh5 10. Bxe7 Qxe7 11. Nf3 Nf4 12. O-O Nxd3 13. Qxd3 O-O 14. Rfb1 a5 15. a3 Nb6 16. b4 axb4 17. axb4 Rxa1 18. Rxa1 Qxb4 19. Rb1 Qa5 20. Ne5 f6 21. Ng6 Re8 22. Nf4 Re7 23. Rc1 Nc4 24. e4 Qa3 25. exd5 Qxc1+ 0-1


[Site "https://www.chess.com"]

[Event "Titled Tuesday Blitz May 10 Early 2022"]
[White "Vignesh, N R"]
[Black "Legenia, Artem"]
[WhiteFideId "25012215"]
[BlackFideId "14136945"]
[WhiteElo "2363"]
[BlackElo "1936"]
[Result "1-0"]
[Round "02"]
[TimeControl "180+1"]
[Date "2022.05.11"]
[WhiteClock "0:01:34"]
[BlackClock "0:00:54"]

1. d4 d5 2. c4 e6 3. Nc3 c6 4. e3 Nf6 5. Nf3 Nbd7 6. Be2 Bd6 7. O-O O-O 8. b3 h6 9. Bb2 b6 10. Rc1 Bb7 11. Bd3 Qe7 12. Re1 Rac8 13. e4 dxe4 14. Nxe4 Nxe4 15. Bxe4 Ba3 16. Bxa3 Qxa3 17. Qe2 Nf6 18. c5 Ba6 19. Qc2 Nxe4 20. Qxe4 Rfd8 21. Ne5 Bb7 22. Nc4 Qxa2 23. Nd6 Rc7 24. Ra1 Qxb3 25. Rxa7 bxc5 26. dxc5 Qd5 27. Qxd5 cxd5 28. Rxb7 Rxb7 29. Nxb7 Rc8 30. Rc1 Kf8 31. c6 Ke7 32. f4 Rc7 33. Kf2 Rc8 34. Ke3 Ra8 35. Kd4 f6 36. Kc5 Ra4 37. Kb5 Ra8 38. Kb6 Ra2 39. c7 Rb2+ 40. Ka7 1-0


[Site "https://www.chess.com"]

[Event "Titled Tuesday Blitz May 10 Early 2022"]
[White "Visakh N R"]
[Black "Pinheiro, Iung Alicio de O."]
[WhiteFideId "25012223"]
[BlackFideId "2104350"]
[WhiteElo "2448"]
[BlackElo "2283"]
[Result "1-0"]
[Round "02"]
[TimeControl "180+1"]
[Date "2022.05.10"]
[WhiteClock "0:00:13"]
[BlackClock "0:00:03"]

1. e4 c5 2. Nf3 Nc6 3. Nc3 e5 4. Bc4 Be7 5. O-O d6 6. Nd5 Nf6 7. d3 O-O 8. a3 Nxd5 9. Bxd5 Be6 10. c4 Kh8 11. Bd2 a5 12. Rb1 a4 13. Bc3 Bg4 14. h3 Bd7 15. Nh2 Bg5 16. Qh5 f5 17. exf5 Bxf5 18. Qe2 Rb8 19. Be4 Qd7 20. Bxf5 Rxf5 21. Ng4 Rbf8 22. Ne3 Bxe3 23. fxe3 h6 24. Rbe1 Qe6 25. Qd1 Qg6 26. Rxf5 Rxf5 27. Qxa4 Rg5 28. Qc2 Rg3 29. Kh2 h5 30. Qf2 h4 31. Qe2 Ne7 32. e4 Nc6 33. Rf1 Kh7 34. Rf5 Rg5 35. Rxg5 Qxg5 36. Qf3 Kg6 37. b4 cxb4 38. axb4 b6 39. b5 Nd4 40. Bxd4 exd4 41. Qg4 Qxg4 42. hxg4 Kg5 43. Kh3 g6 44. g3 hxg3 45. Kxg3 Kf6 46. g5+ Kxg5 47. e5 Kf5 48. exd6 Ke6 49. Kf4 Kxd6 50. Kg5 Kc5 51. Kxg6 Kb4 52. Kf5 Kc3 53. Ke4 1-0


[Site "https://www.chess.com"]

[Event "Titled Tuesday Blitz May 10 Early 2022"]
[White "Vusatiuk, Vladimir"]
[Black "Silvestre, Christian"]
[WhiteFideId "14118610"]
[BlackFideId "30956269"]
[WhiteElo "2157"]
[BlackElo "2374"]
[Result "1-0"]
[Round "02"]
[TimeControl "180+1"]
[Date "2022.05.11"]
[WhiteClock "0:01:04"]
[BlackClock "0:00:17"]

1. d4 e5 2. dxe5 Nc6 3. Nf3 Qe7 4. Bf4 Qb4+ 5. Bd2 Qe7 6. Bc3 f6 7. exf6 Nxf6 8. e3 d5 9. Nbd2 Bg4 10. Be2 O-O-O 11. h3 Bh5 12. Nd4 Nxd4 13. Bxd4 Bxe2 14. Qxe2 c5 15. Bxf6 Qxf6 16. c3 Bd6 17. Nf3 Rhe8 18. O-O-O g5 19. Rxd5 h6 20. Rhd1 b6 21. Qa6+ Kb8 22. Qd3 Kc7 23. Qf5 Qxf5 24. Rxf5 Re6 25. Rf7+ Rd7 26. Rxd7+ Kxd7 27. c4 Kc6 28. Rd5 Rf6 29. b3 a6 30. a4 b5 31. axb5+ axb5 32. Kc2 bxc4 33. bxc4 Bc7 34. Rd1 Bd6 35. Ra1 Bc7 36. Ra6+ Bb6 37. Ra8 Kb7 38. Rh8 Kc6 39. Kd3 Bc7 40. Ke4 Kd7 41. Rh7+ Kc6 42. Ne5+ Bxe5 43. Kxe5 Rxf2 44. Rxh6+ Kb7 45. g4 Rc2 46. Kd5 Re2 47. e4 Re3 48. e5 Kc7 49. Rh7+ Kd8 50. e6 Ke8 51. Kd6 Rd3+ 52. Kxc5 Rd1 53. Rg7 Re1 54. Kd6 Rd1+ 55. Ke5 Re1+ 56. Kf6 Rf1+ 57. Kxg5 Rf8 58. h4 Rf1 59. h5 Rh1 60. h6 Rh2 61. h7 1-0


[Site "https://www.chess.com"]

[Event "Titled Tuesday Blitz May 10 Early 2022"]
[White "Wachinger, Guenther"]
[Black "Sapunov, Evgeny"]
[WhiteFideId "4604261"]
[BlackFideId "4126661"]
[WhiteElo "2212"]
[BlackElo "2470"]
[Result "0-1"]
[Round "02"]
[TimeControl "180+1"]
[Date "2022.05.11"]
[WhiteClock "0:00:37"]
[BlackClock "0:01:12"]

1. e4 c5 2. Nf3 d6 3. d4 cxd4 4. Nxd4 Nf6 5. Nc3 Nc6 6. Bg5 e6 7. Qd2 a6 8. O-O-O h6 9. Bxf6 Qxf6 10. f3 Qxd4 11. Qxd4 Nxd4 12. Rxd4 g5 13. Be2 Bd7 14. Rhd1 Bc6 15. a3 Rd8 16. Bc4 Ke7 17. Ne2 Bg7 18. R4d2 h5 19. Kb1 Be5 20. h3 h4 21. Nd4 Bd7 22. Ne2 b5 23. Bb3 a5 24. Ba2 Rb8 25. Bb3 a4 26. Ba2 b4 27. axb4 Rxb4 28. c3 Rb6 29. Nd4 Rc8 30. Kc2 Rcb8 31. Kc1 Bf4 32. Ne2 Rxb2 33. Nxf4 Rxd2 34. Ng6+ fxg6 35. Rxd2 Rb6 36. Kc2 Kf6 37. c4 Ke5 38. Kc3 Bc6 39. c5 dxc5 40. Rd8 a3 41. Rg8 Rb2 42. Bc4 Rxg2 43. Rxg6 Bd7 44. Rg7 Kd6 45. e5+ Kc6 46. Kd3 a2 47. Bxa2 Rxa2 48. Rxg5 Kd5 49. Rh5 c4+ 50. Kc3 Ra3+ 51. Kc2 Ba4+ 52. Kb2 Rxf3 53. Ka2 0-1


[Site "https://www.chess.com"]

[Event "Titled Tuesday Blitz May 10 Early 2022"]
[White "Winkels, Marcel"]
[Black "Shohat, Yotam"]
[WhiteFideId "1003887"]
[BlackFideId "2813955"]
[WhiteElo "1900"]
[BlackElo "2119"]
[Result "0-1"]
[Round "02"]
[TimeControl "180+1"]
[Date "2022.05.11"]
[WhiteClock "0:00:01"]
[BlackClock "0:00:06"]

1. e4 c5 2. Nf3 Nc6 3. Bb5 Nf6 4. Nc3 g6 5. O-O Bg7 6. d3 O-O 7. h3 Qc7 8. Be3 d6 9. Qd2 Rd8 10. Nd5 Nxd5 11. exd5 Nd4 12. Nxd4 cxd4 13. Bf4 a6 14. Bc4 b5 15. Bb3 Bb7 16. Rfe1 Re8 17. a4 Qc5 18. axb5 axb5 19. Rxa8 Bxa8 20. Bg5 Kf8 21. Qa5 f6 22. Bf4 Bxd5 23. Bxd5 Qxd5 24. Qc7 Qc5 25. Qb7 e5 26. Bg3 Rc8 27. Ra1 Qc6 28. Ra7 Qxb7 29. Rxb7 Rxc2 30. Rxb5 f5 31. Bh4 Rc8 32. Rb7 e4 33. dxe4 fxe4 34. Be7+ Kg8 35. Bxd6 d3 36. Bf4 Rd8 37. Bd2 Bd4 38. b4 Rf8 39. Be1 e3 40. fxe3 Bxe3+ 41. Kh2 d2 42. Bxd2 Bxd2 43. b5 Rf1 44. Re7 Rb1 45. Rb7 Bf4+ 46. g3 Rb2+ 47. Kg1 Bxg3 48. Kf1 h5 49. b6 h4 50. Kg1 Bf2+ 51. Kg2 Bxb6+ 52. Kf3 Bd4 53. Rd7 Bf6 54. Kg4 Rb4+ 55. Kf3 Rb3+ 56. Ke4 Rxh3 57. Rc7 Rg3 58. Rc8+ Kg7 59. Rc7+ Kh6 60. Rc6 Rg4+ 61. Kf3 Ra4 62. Rxf6 Kg5 0-1


[Site "https://www.chess.com"]

[Event "Titled Tuesday Blitz May 10 Early 2022"]
[White "Xiong, Jeffery"]
[Black "Melikyan, Gnel"]
[WhiteFideId "2047640"]
[BlackFideId "54109990"]
[WhiteElo "2727"]
[BlackElo "1772"]
[Result "1-0"]
[Round "02"]
[TimeControl "180+1"]
[Date "2022.05.10"]
[WhiteClock "0:02:05"]
[BlackClock "0:01:10"]

1. e4 c5 2. Nf3 Nc6 3. c3 d5 4. exd5 Qxd5 5. d4 Bg4 6. Be2 e6 7. h3 Bh5 8. O-O Nf6 9. Be3 Rd8 10. dxc5 Bxc5 11. Qxd5 Rxd5 12. c4 Bxe3 13. cxd5 Nxd5 14. fxe3 Nxe3 15. Rc1 1-0


[Site "https://www.chess.com"]

[Event "Titled Tuesday Blitz May 10 Early 2022"]
[White "Xu, Yi"]
[Black "Bellissimo, Joseph F."]
[WhiteFideId "8605564"]
[BlackFideId "2609843"]
[WhiteElo "2471"]
[BlackElo "2061"]
[Result "1-0"]
[Round "02"]
[TimeControl "180+1"]
[Date "2022.05.10"]
[WhiteClock "0:01:50"]
[BlackClock "0:01:14"]

1. e4 e6 2. d4 d5 3. e5 c5 4. c3 Nc6 5. Nf3 f6 6. Bb5 Bd7 7. Bxc6 bxc6 8. O-O Qb6 9. Nbd2 cxd4 10. cxd4 c5 11. dxc5 Bxc5 12. Nb3 Be7 13. Be3 Qb8 14. Bd4 Nh6 15. Re1 O-O 16. Nc5 Bxc5 17. Bxc5 Re8 18. b4 Nf7 19. Qd4 a5 20. exf6 e5 21. Qxd5 gxf6 22. Qxd7 1-0


[Site "https://www.chess.com"]

[Event "Titled Tuesday Blitz May 10 Early 2022"]
[White "Yilmaz, Mustafa"]
[Black "Song, Michael"]
[WhiteFideId "6302718"]
[BlackFideId "2613190"]
[WhiteElo "2568"]
[BlackElo "2274"]
[Result "1-0"]
[Round "02"]
[TimeControl "180+1"]
[Date "2022.05.11"]
[WhiteClock "0:02:01"]
[BlackClock "0:02:01"]

1. d4 f5 2. c4 Nf6 3. Nf3 g6 4. Nc3 Bg7 5. e3 O-O 6. b4 e6 7. Be2 Qe7 8. Qb3 d6 9. c5 Kh8 10. O-O Ne4 11. Bb2 Nc6 12. b5 Nd8 13. cxd6 cxd6 14. Nxe4 fxe4 15. Nd2 d5 16. Ba3 Qe8 17. Bxf8 Bxf8 18. f3 exf3 19. Nxf3 Nf7 20. Rac1 Bd7 21. a4 Bd6 22. Bd3 e5 23. Qxd5 Be6 24. Qxb7 Rb8 25. Qc6 Rb6 26. Qxe8+ 1-0


[Site "https://www.chess.com"]

[Event "Titled Tuesday Blitz May 10 Early 2022"]
[White "Yurtseven, Melih"]
[Black "Fajdetic, Hrvoje"]
[WhiteFideId "6312160"]
[BlackFideId "14501945"]
[WhiteElo "2160"]
[BlackElo "2172"]
[Result "1-0"]
[Round "02"]
[TimeControl "180+1"]
[Date "2022.05.11"]
[WhiteClock "0:01:17"]
[BlackClock "0:00:07"]

1. c4 f5 2. Nc3 Nf6 3. d3 e5 4. e4 d6 5. Nge2 Nc6 6. exf5 Bxf5 7. d4 exd4 8. Nxd4 Nxd4 9. Qxd4 Qe7+ 10. Be2 g6 11. Bg5 Bg7 12. Qd2 c6 13. O-O h6 14. Bh4 g5 15. Bg3 O-O-O 16. Rfe1 Qd7 17. Rad1 Ne8 18. Bf3 h5 19. Qxg5 Bf6 20. Qd2 h4 21. Bf4 Bg4 22. Bxg4 Qxg4 23. h3 Qg7 24. Ne4 Be5 25. Bxe5 Qxe5 26. c5 Qg7 27. cxd6 Rd7 28. Nc5 Rg8 29. f3 Rxd6 30. Rxe8+ Kc7 31. Qxd6+ 1-0


[Site "https://www.chess.com"]

[Event "Titled Tuesday Blitz May 10 Early 2022"]
[White "Zaksaite, Salomeja"]
[Black "Aldokhin, Ivan"]
[WhiteFideId "12801496"]
[BlackFideId "24115720"]
[WhiteElo "1953"]
[BlackElo "2231"]
[Result "0-1"]
[Round "02"]
[TimeControl "180+1"]
[Date "2022.05.11"]
[WhiteClock "0:00:01"]
[BlackClock "0:00:14"]

1. e4 c5 2. Nf3 e6 3. g3 Nf6 4. Qe2 Nc6 5. Bg2 d5 6. e5 Nd7 7. c3 b5 8. O-O a5 9. d4 Ba6 10. Rd1 b4 11. Qe3 Be7 12. Nbd2 a4 13. Nf1 a3 14. h4 axb2 15. Bxb2 Nb6 16. dxc5 Nc4 17. Qc1 Nxb2 18. Qxb2 Bxc5 19. cxb4 Nxb4 20. Rac1 Qa5 21. Qc3 Bc4 22. Rd2 Nxa2 23. Qxa5 Rxa5 24. Ra1 O-O 25. Ne3 Bxe3 26. fxe3 Rfa8 27. Nd4 Nc3 28. Rxa5 Rxa5 29. Rb2 Ra8 30. Rb4 Rc8 31. Kf2 h6 32. Bh3 Ne4+ 33. Kf3 Bd3 34. Nxe6 Re8 35. Nf4 Bc4 0-1


[Site "https://www.chess.com"]

[Event "Titled Tuesday Blitz May 10 Early 2022"]
[White "Zhao, Jun"]
[Black "Levitskiy, Andrey"]
[WhiteFideId "8602522"]
[BlackFideId "14132885"]
[WhiteElo "2547"]
[BlackElo "2301"]
[Result "1-0"]
[Round "02"]
[TimeControl "180+1"]
[Date "2022.05.10"]
[WhiteClock "0:01:08"]
[BlackClock "0:00:02"]

1. d4 Nf6 2. Bf4 d5 3. e3 c5 4. Nf3 Nc6 5. Nbd2 cxd4 6. exd4 Bf5 7. c3 e6 8. Be2 Bd6 9. Bxd6 Qxd6 10. O-O O-O 11. Nh4 Be4 12. Nxe4 dxe4 13. g3 Rad8 14. Qb3 b6 15. Rad1 Nd5 16. Ng2 f5 17. f3 Nf6 18. fxe4 Nxe4 19. Nf4 Rf6 20. Bf3 Na5 21. Qa4 g5 22. Nd3 Nxg3 23. hxg3 Qxg3+ 24. Bg2 Rh6 25. Rf3 Qh2+ 26. Kf1 g4 27. Rf2 Qc7 28. Ne5 a6 29. Re1 b5 30. Qc2 Rd6 31. Qd2 1-0


[Site "https://www.chess.com"]

[Event "Titled Tuesday Blitz May 10 Early 2022"]
[White "Zhigalko, Sergei"]
[Black "Csonka, Balazs"]
[WhiteFideId "13502956"]
[BlackFideId "742910"]
[WhiteElo "2662"]
[BlackElo "2404"]
[Result "1-0"]
[Round "02"]
[TimeControl "180+1"]
[Date "2022.05.10"]
[WhiteClock "0:00:12"]
[BlackClock "0:00:01"]

1. e4 c6 2. d4 d5 3. e5 Bf5 4. Nf3 e6 5. Be2 c5 6. Be3 Qb6 7. Nc3 Nc6 8. dxc5 Bxc5 9. Bxc5 Qxc5 10. Nb5 Kf8 11. Nbd4 Nge7 12. O-O Bg4 13. Re1 Bxf3 14. Nxf3 h6 15. Bd3 Nb4 16. c3 Nxd3 17. Qxd3 Nc6 18. Rad1 Rd8 19. h4 Ke7 20. Qd2 Kd7 21. Qf4 Rhf8 22. Qg4 g6 23. Qf4 h5 24. Ng5 Kc7 25. Nh7 Rh8 26. Ng5 Rhf8 27. Rd3 Qe7 28. Rf3 Rd7 29. b4 Kb8 30. a4 Rc7 31. a5 Rfc8 32. Qxf7 Qxf7 33. Nxf7 Ne7 34. Nd6 Rd8 35. Rf6 Rxc3 36. Rxe6 Nf5 37. Rxg6 Nxd6 38. Rxd6 Rxd6 39. exd6 Kc8 40. Re5 Rc4 41. Rxh5 Rxb4 42. g3 d4 43. Rd5 Kd7 44. h5 Ke6 45. d7 1-0


[Site "https://www.chess.com"]

[Event "Titled Tuesday Blitz May 10 Early 2022"]
[White "Zia, Tahsin Tajwar"]
[Black "FGHSMN"]
[WhiteFideId "10211888"]
[WhiteElo "1800"]
[BlackElo "2760"]
[Result "0-1"]
[Round "02"]
[TimeControl "180+1"]
[Date "2022.05.11"]
[WhiteClock "0:00:09"]
[BlackClock "0:00:20"]

1. d4 Nf6 2. Nf3 d6 3. g3 g6 4. Bg2 Bg7 5. O-O O-O 6. c4 Nc6 7. Nc3 Bf5 8. d5 Na5 9. b3 Ne4 10. Nxe4 Bxa1 11. Nd4 Bxe4 12. Bxe4 c5 13. Nc2 Bg7 14. h4 e5 15. dxe6 fxe6 16. Bg5 Bf6 17. Bh6 Rf7 18. h5 g5 19. Ne3 Nc6 20. Bxc6 bxc6 21. Ng4 Bg7 22. Qd2 Rf5 23. e4 Rf3 24. Kg2 Qf8 25. Qxg5 Rf7 26. Qe3 Kh8 27. Bg5 Bd4 28. Qe2 Qg7 29. Bh6 Qg8 30. Be3 e5 31. Nh6 Qf8 32. Nxf7+ Qxf7 33. Bg5 Rg8 34. f4 Qg7 35. Qg4 h6 36. Qf5 hxg5 37. h6 Qg6 38. fxg5 Qxg5 39. Qf3 Qd2+ 40. Kh3 Qxh6+ 41. Kg2 Qd2+ 42. Kh3 Qg5 43. Kg2 Be3 44. Rh1+ Kg7 45. Rh5 Qg6 46. Rf5 Bf4 47. Kf1 Qxg3 48. Qxg3+ Bxg3 49. Rg5+ Kf7 50. Rf5+ Ke6 51. Ke2 Bf4 52. Rh5 Rg2+ 53. Kf3 Rxa2 54. Rh7 Ra3 55. Rb7 a5 56. Kg4 a4 57. bxa4 Rxa4 58. Kh5 Rxc4 59. Kg6 Rxe4 0-1


[Site "https://www.chess.com"]

[Event "Titled Tuesday Blitz May 10 Early 2022"]
[White "Zlatin, Alexander"]
[Black "Kazakouski, Valery"]
[WhiteFideId "2810549"]
[BlackFideId "13507443"]
[WhiteElo "2228"]
[BlackElo "2524"]
[Result "0-1"]
[Round "02"]
[TimeControl "180+1"]
[Date "2022.05.11"]
[WhiteClock "0:00:02"]
[BlackClock "0:00:40"]

1. d4 Nf6 2. Nc3 d5 3. Bf4 c5 4. e3 cxd4 5. exd4 a6 6. Bd3 Bg4 7. f3 Bh5 8. Nge2 Nc6 9. O-O e6 10. Kh1 Bg6 11. a3 Be7 12. b4 O-O 13. Bxg6 hxg6 14. Qd3 Rc8 15. Na4 Bd6 16. Nc5 Bxf4 17. Nxf4 Qd6 18. Qe3 Rc7 19. c3 a5 20. Nfd3 b6 21. Na4 Ne7 22. Ne5 axb4 23. cxb4 Nf5 24. Qd3 Rfc8 25. Rfd1 Nd7 26. Nxd7 Rxd7 27. Rac1 Rxc1 28. Rxc1 Ra7 29. Nb2 Qf4 30. Rd1 b5 31. g3 Qe3 32. Qxe3 Nxe3 33. Rd3 Nc2 34. Rc3 Nxd4 35. Nd3 Nxf3 36. Kg2 Nd4 37. Ne5 g5 38. g4 f6 39. Rc8+ Kh7 40. Nd3 Rxa3 41. Nc5 Ra2+ 42. Kg3 Rb2 43. Nd7 Rxb4 44. Nf8+ Kh6 45. Nd7 Rb3+ 46. Kg2 b4 47. h4 gxh4 48. Rh8+ Kg5 49. Rh7 g6 50. Nf8 h3+ 51. Kf2 h2 52. Rg7 h1=Q 53. Rxg6+ Kf4 54. Rxf6+ Ke4 55. Rf4+ Kxf4 56. Nxe6+ Nxe6 57. g5 Rb2# 0-1


[Site "https://www.chess.com"]

[Event "Titled Tuesday Blitz May 10 Early 2022"]
[White "Agasarov, Benik"]
[Black "Golubova, Anna"]
[WhiteFideId "13314823"]
[BlackFideId "24173606"]
[WhiteElo "2564"]
[BlackElo "2083"]
[Result "1-0"]
[Round "03"]
[TimeControl "180+1"]
[Date "2022.05.11"]
[WhiteClock "0:01:08"]
[BlackClock "0:00:04"]

1. e4 c6 2. d4 d5 3. e5 c5 4. Nf3 cxd4 5. Nxd4 a6 6. c4 Nc6 7. Nxc6 bxc6 8. cxd5 c5 9. Nc3 g6 10. Be3 Bg7 11. f4 Nh6 12. Bxc5 O-O 13. Be2 Rb8 14. Qd2 Qa5 15. Bxe7 Re8 16. d6 Nf5 17. Bg5 h6 18. Bf6 Bxf6 19. exf6 Qc5 20. Nd5 Nxd6 21. Ne7+ Kh7 22. Rc1 Qb4 23. Qxb4 Rxb4 24. Rc6 Rd4 25. O-O Bb7 26. Rb6 Be4 27. Rd1 Rxd1+ 28. Bxd1 Nc4 29. Rb4 Ne3 30. Ba4 Rd8 31. Rxe4 Nd5 32. Rd4 Nxf6 33. Rxd8 1-0


[Site "https://www.chess.com"]

[Event "Titled Tuesday Blitz May 10 Early 2022"]
[White "Aggelis, Nikolaos"]
[Black "Skuhala, Barbara"]
[WhiteFideId "4213220"]
[BlackFideId "14605465"]
[WhiteElo "2154"]
[BlackElo "2155"]
[Result "1-0"]
[Round "03"]
[TimeControl "180+1"]
[Date "2022.05.11"]
[WhiteClock "0:02:23"]
[BlackClock "0:02:22"]

1. d4 Nf6 2. g3 e6 3. Bg2 d5 4. Nf3 c6 5. O-O Be7 6. c4 O-O 7. Nbd2 Nbd7 8. b3 b6 9. Bb2 Bb7 10. Ne5 Rc8 11. Rc1 Nxe5 12. dxe5 Nd7 13. e4 dxc4 14. Nxc4 c5 15. Nd6 Rb8 16. Qh5 Bc6 17. Rfd1 Qc7 18. f4 f6 19. Bh3 1-0


[Site "https://www.chess.com"]

[Event "Titled Tuesday Blitz May 10 Early 2022"]
[White "Alekseenko, Kirill"]
[Black "Bilych, Olexiy"]
[WhiteFideId "4135539"]
[BlackFideId "14156504"]
[WhiteElo "2682"]
[BlackElo "2176"]
[Result "1-0"]
[Round "03"]
[TimeControl "180+1"]
[Date "2022.05.10"]
[WhiteClock "0:00:43"]
[BlackClock "0:00:01"]

1. e4 e5 2. Nf3 Nc6 3. Bb5 Nf6 4. d3 Bc5 5. Bxc6 dxc6 6. Nbd2 Qe7 7. O-O O-O 8. Nb3 Bd6 9. Bg5 a5 10. a4 b6 11. Nbd2 Be6 12. h3 Kh8 13. d4 Bc8 14. Re1 Ba6 15. c3 Rfe8 16. Qb3 Qe6 17. dxe5 Bxe5 18. Qxe6 Rxe6 19. Nxe5 Rxe5 20. Bxf6 gxf6 21. Nf3 Re7 22. Nd4 c5 23. Nf5 Rd7 24. Rad1 Rad8 25. Rxd7 Rxd7 26. e5 fxe5 27. Rxe5 h5 28. Ne3 h4 29. Rh5+ Kg7 30. Rxh4 Rd2 31. b4 cxb4 32. cxb4 axb4 33. Rxb4 Kf6 34. h4 Rd6 35. Rf4+ Kg6 36. g4 c5 37. h5+ Kg5 38. Rxf7 c4 39. Kh2 c3 40. Kg3 Rd3 41. f4+ Kh6 42. Kh4 Rd4 43. g5# 1-0


[Site "https://www.chess.com"]

[Event "Titled Tuesday Blitz May 10 Early 2022"]
[White "Andreikin, Dmitry"]
[Black "Kazakouski, Valery"]
[WhiteFideId "4158814"]
[BlackFideId "13507443"]
[WhiteElo "2736"]
[BlackElo "2524"]
[Result "1-0"]
[Round "03"]
[TimeControl "180+1"]
[Date "2022.05.10"]
[WhiteClock "0:00:50"]
[BlackClock "0:00:01"]

1. d4 Nf6 2. c4 e6 3. Nf3 d5 4. g3 dxc4 5. Bg2 Bd7 6. Ne5 Bc6 7. Nxc6 Nxc6 8. O-O Qd7 9. e3 Rd8 10. Qa4 Nb4 11. Qxd7+ Rxd7 12. Na3 c5 13. dxc5 Bxc5 14. Nxc4 Nd3 15. Bd2 Nxb2 16. Rfc1 Nxc4 17. Rxc4 Rxd2 18. Rxc5 O-O 19. Rc7 Ng4 20. Rxb7 Nxf2 21. Rxa7 Nd1 22. Ra3 g5 23. Rb3 Rc8 24. a4 Rcc2 25. Be4 Ra2 26. Ra3 Rxa1 27. Rxa1 Nxe3 28. a5 Rd7 29. a6 Ra7 30. Kf2 Nc4 31. Ke2 Nd6 32. Kd3 Kf8 33. Bxh7 Ke7 34. Kd4 Kd7 35. Bd3 f6 36. h4 gxh4 37. gxh4 Kc6 38. h5 Kb6 39. h6 f5 40. Rb1+ Kc6 41. Rb8 Rh7 42. Rd8 Nf7 43. a7 e5+ 44. Kc3 1-0


[Site "https://www.chess.com"]

[Event "Titled Tuesday Blitz May 10 Early 2022"]
[White "Arabidze, Meri"]
[Black "Shukhman, Anna"]
[WhiteFideId "13604040"]
[BlackFideId "54180058"]
[WhiteElo "2335"]
[BlackElo "1726"]
[Result "1-0"]
[Round "03"]
[TimeControl "180+1"]
[Date "2022.05.11"]
[WhiteClock "0:00:31"]
[BlackClock "0:00:02"]

1. Nf3 f5 2. g3 Nf6 3. Bg2 g6 4. O-O Bg7 5. d4 O-O 6. Nbd2 d6 7. Re1 c6 8. e4 fxe4 9. Nxe4 Bf5 10. Neg5 Qd7 11. Nh4 Bg4 12. f3 Bf5 13. g4 h6 14. gxf5 hxg5 15. Nxg6 Rf7 16. Bh3 Nh7 17. Qd3 Nf8 18. Kg2 Bf6 19. c3 Na6 20. Bd2 Nc7 21. Re2 Nd5 22. Rae1 Re8 23. Bg4 Rg7 24. c4 Nf4+ 25. Bxf4 gxf4 26. h4 Nxg6 27. fxg6 Qc7 28. h5 Bg5 29. Qf5 Bh6 30. b3 Kh8 31. Qd7 Qxd7 32. Bxd7 Rd8 33. Rxe7 Rxd7 34. Re8+ Rg8 35. R8e7 Rxe7 36. Rxe7 Rg7 37. Re6 Rc7 38. Rxd6 Kg7 39. Kh3 Bg5 40. Kg4 Bf6 41. Kf5 Be7 42. Re6 Ba3 43. Kg5 Be7+ 44. Kxf4 Bf6 45. Rd6 Re7 46. Kf5 Bh4 47. f4 Bf2 48. Kg5 Re8 49. h6+ Kg8 50. Rd7 Be3 51. Rf7 Rf8 52. h7+ 1-0


[Site "https://www.chess.com"]

[Event "Titled Tuesday Blitz May 10 Early 2022"]
[White "Ardila, Oscar Humberto"]
[Black "Tanenbaum, Zachary"]
[WhiteFideId "4404742"]
[BlackFideId "2060850"]
[WhiteElo "1928"]
[BlackElo "2168"]
[Result "0-1"]
[Round "03"]
[TimeControl "180+1"]
[Date "2022.05.11"]
[WhiteClock "0:00:26"]
[BlackClock "0:01:19"]

1. d4 d5 2. c4 Bf5 3. Nf3 e6 4. Nc3 c6 5. cxd5 exd5 6. Bf4 Bd6 7. Bxd6 Qxd6 8. e3 Nf6 9. Be2 Nbd7 10. O-O O-O 11. Rc1 a5 12. a3 Ne4 13. Na4 Bg6 14. Nd2 f5 15. Nc3 Nxd2 16. Qxd2 f4 17. Bd3 f3 18. Bxg6 Qxg6 19. g3 Qg4 20. Kh1 Qh3 21. Rg1 Nf6 22. g4 Nxg4 23. Rxg4 Qxg4 24. Rg1 Qh5 25. e4 dxe4 26. Nxe4 Rae8 27. Nd6 Re2 28. Qd3 Rxf2 29. Qb3+ Kh8 0-1


[Site "https://www.chess.com"]

[Event "Titled Tuesday Blitz May 10 Early 2022"]
[White "Aslanov, Umid"]
[Black "Molina, Roberto Junio Brito"]
[WhiteFideId "13412620"]
[BlackFideId "2109450"]
[WhiteElo "1796"]
[BlackElo "2432"]
[Result "1-0"]
[Round "03"]
[TimeControl "180+1"]
[Date "2022.05.11"]
[WhiteClock "0:01:21"]
[BlackClock "0:01:15"]

1. e4 c6 2. Nc3 d5 3. Qf3 dxe4 4. Nxe4 Nf6 5. Bc4 Nbd7 6. d4 e6 7. Ne2 Nxe4 8. Qxe4 Nf6 9. Qf3 Be7 10. c3 O-O 11. O-O a5 12. a4 Qc7 13. Bf4 Bd6 14. Bg5 Nd5 15. Bd3 b6 16. Rae1 Ba6 17. Bxa6 Rxa6 18. h3 Raa8 19. Bh4 b5 20. axb5 cxb5 21. Bg3 a4 22. Bxd6 Qxd6 23. Ng3 Rfc8 24. Ne4 Qf4 25. Qd3 Rab8 26. g3 Qc7 27. Nc5 Qc6 28. f4 g6 29. g4 Ne7 30. f5 gxf5 31. gxf5 Nxf5 32. Rxf5 exf5 33. Kf2 Qf6 34. Qg3+ Qg7 35. Qf4 Kh8 36. Rg1 Qf6 37. Nd7 Qd8 38. Qe5+ f6 39. Nxf6 Qc7 40. Rg8+ Rxg8 41. Qxc7 1-0


[Site "https://www.chess.com"]

[Event "Titled Tuesday Blitz May 10 Early 2022"]
[White "Azarov, Sergei"]
[Black "Rustemov, Alexander"]
[WhiteFideId "13501470"]
[BlackFideId "4119002"]
[WhiteElo "2494"]
[BlackElo "2705"]
[Result "1/2-1/2"]
[Round "03"]
[TimeControl "180+1"]
[Date "2022.05.10"]
[WhiteClock "0:00:03"]
[BlackClock "0:00:05"]

1. e4 e6 2. d4 d5 3. Nd2 dxe4 4. Nxe4 Bd7 5. Nf3 Bc6 6. Bd3 Nd7 7. O-O Ngf6 8. Ng3 Be7 9. Qe2 Bxf3 10. Qxf3 c6 11. c3 O-O 12. Re1 Re8 13. Bd2 Qa5 14. a3 Qd5 15. Ne4 Qh5 16. Qg3 Nxe4 17. Rxe4 Qd5 18. Rae1 Rad8 19. Rg4 g6 20. h4 Bd6 21. Qh3 f5 22. Rg5 Be7 23. Rg3 Bd6 24. Rf3 e5 25. Bg5 Be7 26. Bxf5 gxf5 27. Qxf5 e4 28. Qg4 Bxg5 29. Rf5 Qe6 30. Rxe4 Qxe4 31. Rxg5+ Kh8 32. Rg8+ Rxg8 33. Qxe4 Rg7 34. g3 Nf6 35. Qf5 Rf8 36. h5 Rgf7 37. h6 Nd5 38. Qe5+ Rf6 39. c4 Nb6 40. b3 Kg8 41. Qe7 R6f7 42. Qg5+ Kh8 43. Qe5+ Kg8 44. d5 cxd5 45. cxd5 Nd7 46. Qg5+ Kh8 47. d6 Nf6 48. Qe5 Kg8 49. Qe6 Re8 50. Qf5 Rd8 51. Qg5+ Kf8 52. Qe5 Re8 53. Qc5 Nd7 54. Qd4 Kg8 55. Qg4+ Kf8 56. Qd4 Kg8 57. Qg4+ Kf8 58. Qd4 1/2-1/2


[Site "https://www.chess.com"]